| TOP OF THE 1ST |
|
Midland RockHounds batting - Pitching for Corpus Christi Hooks : RHP David Toellner
|
|
Pitching: RHP David Toellner
|
|
|
Batting: RHB Chris Bohm
|
0-0: Ball 1-0: Ball 2-0: Ball 3-0: Foul Ball, location: 2F 3-1: Ground out 6-3 (Groundball, 6, EV 98.1 MPH)
|
|
Batting: RHB Chris Prinzing
|
0-0: Ball 1-0: Ball 2-0: Ball 3-0: Base on Balls
|
|
Batting: RHB Sean Gould
|
0-0: Foul Ball, location: 2F 0-1: Foul Ball, location: 2F 0-2: Ball 1-2: 2-RUN HOME RUN (Flyball, 78XD, EV 103.1 MPH), Distance : 401 ft
|
|
Batting: RHB Matt Sherard
|
0-0: Called Strike 0-1: Ground out 6-3 (Groundball, 6, EV 82.5 MPH)
|
|
Batting: LHB Tom Raupp
|
0-0: Swinging Strike 0-1: Called Strike 0-2: Ball 1-2: Ball 2-2: Foul Ball, location: 2F 2-2: Foul Ball, location: 2F 2-2: Ball 3-2: Ground out 4-3 (Groundball, 4, EV 92.5 MPH)
|
| Top of the 1st over - 2 runs, 1 hit, 0 errors, 0 left on base; Midland 2 - Corpus Christi 0 |
| BOTTOM OF THE 1ST |
|
Corpus Christi Hooks batting - Pitching for Midland RockHounds : LHP Adam Wood
|
|
Pitching: LHP Adam Wood
|
|
|
Batting: RHB Xavier Castaneda
|
0-0: Called Strike 0-1: Called Strike 0-2: Ball 1-2: Foul Ball, location: 2F 1-2: Ball 2-2: Strikes out swinging
|
|
Batting: LHB Glenn Lowther
|
0-0: Ball 1-0: Called Strike 1-1: Called Strike 1-2: Foul Ball, location: 2F 1-2: Ball 2-2: Ground out 4-3 (Groundball, 4D, EV 101.2 MPH)
|
|
Batting: RHB Duncan Collins
|
0-0: Ball 1-0: Swinging Strike 1-1: Called Strike 1-2: Ball 2-2: Fly out, F7 (Flyball, 7LMF, EV 92.5 MPH)
|
| Bottom of the 1st over - 0 runs, 0 hits, 0 errors, 0 left on base; Midland 2 - Corpus Christi 0 |
| TOP OF THE 2ND |
|
Midland RockHounds batting - Pitching for Corpus Christi Hooks : RHP David Toellner
|
|
Batting: RHB Micah Roth
|
0-0: Called Strike 0-1: Ball 1-1: Foul Ball, location: 2F 1-2: Fly out, F2 (Popup, 23F, EV 86.2 MPH)
|
|
Batting: LHB Jose Mojica
|
0-0: Ball 1-0: Ball 2-0: Foul Ball, location: 2F 2-1: Ball 3-1: Foul Ball, location: 2F 3-2: Base on Balls
|
|
Batting: RHB Gojko Golob
|
0-0: Ball 1-0: Called Strike 1-1: Called Strike 1-2: Strikes out looking
|
|
Batting: RHB Larry Clark
|
0-0: SINGLE (Flyball, 89S, EV 90.0 MPH) Jose Mojica to second Runner from 2nd tries for 3rd, SAFE, no throw by CF
|
|
Batting: RHB Chris Bohm
|
0-0: Ball 1-0: Swinging Strike 1-1: Foul Ball, location: 2F 1-2: Foul Ball, location: 2F 1-2: Ball 2-2: Foul Ball, location: 2F 2-2: SINGLE (Groundball, 6M, EV 90.0 MPH) (infield hit) Jose Mojica scores Larry Clark to second
|
|
Batting: RHB Chris Prinzing
|
0-0: Ball 1-0: Called Strike 1-1: Foul Ball, location: 2F 1-2: Strikes out swinging
|
| Top of the 2nd over - 1 run, 2 hits, 0 errors, 2 left on base; Midland 3 - Corpus Christi 0 |
| BOTTOM OF THE 2ND |
|
Corpus Christi Hooks batting - Pitching for Midland RockHounds : LHP Adam Wood
|
|
Batting: LHB Bob Govella
|
0-0: Called Strike 0-1: Ball 1-1: Ball 2-1: DOUBLE (Line Drive, 9LS, EV 95.6 MPH)
|
|
Batting: RHB Pat McCoy
|
0-0: Called Strike 0-1: Foul Ball, location: 2F 0-2: Ball 1-2: Strikes out looking
|
|
Batting: LHB Bob Dietz
|
0-0: Called Strike 0-1: Called Strike 0-2: Foul Ball, location: 2F 0-2: Ground out 5-3 (Groundball, 56S, EV 70.6 MPH) Bob Govella to third
|
|
Batting: RHB Alex Campos
|
0-0: Called Strike 0-1: Called Strike 0-2: Ball 1-2: Ball 2-2: Strikes out swinging
|
| Bottom of the 2nd over - 0 runs, 1 hit, 0 errors, 1 left on base; Midland 3 - Corpus Christi 0 |
| TOP OF THE 3RD |
|
Midland RockHounds batting - Pitching for Corpus Christi Hooks : RHP David Toellner
|
|
Batting: RHB Sean Gould
|
0-0: Called Strike 0-1: Ball 1-1: Called Strike 1-2: Ball 2-2: Foul Ball, location: 2F 2-2: Ball 3-2: Foul Ball, location: 2F 3-2: Foul Ball, location: 2F 3-2: Foul Ball, location: 2F 3-2: Foul Ball, location: 2F 3-2: Hit by Pitch
|
|
Batting: RHB Matt Sherard
|
0-0: Foul Ball, location: 2F 0-1: Swinging Strike 0-2: Ball 1-2: Strikes out swinging
|
|
Batting: LHB Tom Raupp
|
0-0: Ball Pickoff Throw by Catcher to First - Out! 1-0: Called Strike 1-1: Called Strike 1-2: Strikes out looking
|
| Top of the 3rd over - 0 runs, 0 hits, 0 errors, 0 left on base; Midland 3 - Corpus Christi 0 |
| BOTTOM OF THE 3RD |
|
Corpus Christi Hooks batting - Pitching for Midland RockHounds : LHP Adam Wood
|
|
Batting: LHB Jackson Trottier
|
0-0: Ball 1-0: Called Strike 1-1: Fly out, F9 (Line Drive, 9LM, EV 98.1 MPH)
|
|
Batting: RHB Oren Jones
|
0-0: Ball 1-0: Fly out, F9 (Flyball, 9D, EV 107.5 MPH)
|
|
Batting: RHB Xavier Castaneda
|
0-0: Foul Ball, location: 2F 0-1: Ground out 4-3 (Groundball, 4, EV 86.2 MPH)
|
| Bottom of the 3rd over - 0 runs, 0 hits, 0 errors, 0 left on base; Midland 3 - Corpus Christi 0 |
| TOP OF THE 4TH |
|
Midland RockHounds batting - Pitching for Corpus Christi Hooks : RHP David Toellner
|
|
Batting: RHB Micah Roth
|
0-0: Ball 1-0: Ball 2-0: SINGLE (Groundball, 4MD, EV 98.8 MPH)
|
|
Batting: LHB Jose Mojica
|
0-0: Swinging Strike 0-1: Called Strike 0-2: Strikes out looking
|
|
Batting: RHB Gojko Golob
|
0-0: Ball 1-0: SINGLE (Groundball, 4D, EV 101.9 MPH) Micah Roth to second Runner from 2nd tries for 3rd, SAFE, throw by RF made at trailing runner, OUT! 9-6
|
|
Batting: RHB Larry Clark
|
0-0: Called Strike 0-1: Ball 1-1: Called Strike 1-2: Ball 2-2: Strikes out swinging
|
| Top of the 4th over - 0 runs, 2 hits, 0 errors, 1 left on base; Midland 3 - Corpus Christi 0 |
| BOTTOM OF THE 4TH |
|
Corpus Christi Hooks batting - Pitching for Midland RockHounds : LHP Adam Wood
|
|
Batting: LHB Glenn Lowther
|
0-0: Ball 1-0: Called Strike 1-1: Ground out 5-3 (Groundball, 56, EV 90.6 MPH)
|
|
Batting: RHB Duncan Collins
|
0-0: Called Strike 0-1: Foul Ball, location: 2F 0-2: SINGLE (Groundball, 56D, EV 95.0 MPH)
|
|
Batting: LHB Bob Govella
|
0-0: Ball 1-0: Foul Ball, location: 2F 1-1: Fielders Choice at 2nd, 3-6 (Groundball, 34, EV 86.9 MPH)
|
|
Batting: RHB Pat McCoy
|
0-0: Swinging Strike 0-1: Ball 1-1: Ball Bob Govella is caught stealing 2nd base 2-4
|
| Bottom of the 4th over - 0 runs, 1 hit, 0 errors, 0 left on base; Midland 3 - Corpus Christi 0 |
| TOP OF THE 5TH |
|
Midland RockHounds batting - Pitching for Corpus Christi Hooks : RHP David Toellner
|
|
Batting: RHB Chris Bohm
|
0-0: Ball 1-0: Ball 2-0: Called Strike 2-1: Ground out 4-3 (Groundball, 4, EV 91.9 MPH)
|
|
Batting: RHB Chris Prinzing
|
0-0: Ball 1-0: Ball 2-0: Swinging Strike 2-1: Fly out, F8 (Flyball, 89D, EV 104.4 MPH)
|
|
Batting: RHB Sean Gould
|
0-0: Ball 1-0: Ball 2-0: Ball 3-0: Base on Balls
|
|
Batting: RHB Matt Sherard
|
0-0: Fly out, F8 (Flyball, 8RXD, EV 105.0 MPH)
|
| Top of the 5th over - 0 runs, 0 hits, 0 errors, 1 left on base; Midland 3 - Corpus Christi 0 |
| BOTTOM OF THE 5TH |
|
Corpus Christi Hooks batting - Pitching for Midland RockHounds : LHP Adam Wood
|
|
Batting: RHB Pat McCoy
|
0-0: Ball 1-0: Foul Ball, location: 2F 1-1: Called Strike 1-2: Strikes out swinging
|
|
Batting: LHB Bob Dietz
|
0-0: Ball 1-0: Swinging Strike 1-1: Foul Ball, location: 2F 1-2: Strikes out swinging
|
|
Batting: RHB Alex Campos
|
0-0: Called Strike 0-1: Called Strike 0-2: Ball 1-2: Ball 2-2: Foul Ball, location: 2F 2-2: Ball 3-2: Ground out 5-3 (Groundball, 56, EV 83.1 MPH)
|
| Bottom of the 5th over - 0 runs, 0 hits, 0 errors, 0 left on base; Midland 3 - Corpus Christi 0 |
| TOP OF THE 6TH |
|
Midland RockHounds batting - Pitching for Corpus Christi Hooks : RHP David Toellner
|
|
Batting: LHB Tom Raupp
|
0-0: Fly out, F8 (Flyball, 8RXD, EV 82.5 MPH)
|
|
Batting: RHB Micah Roth
|
0-0: Ball 1-0: Ball 2-0: Foul Ball, location: 2F 2-1: Foul Ball, location: 2F 2-2: Foul Ball, location: 2F 2-2: Foul Ball, location: 2F 2-2: Foul Ball, location: 2F 2-2: Ball 3-2: Base on Balls
|
|
Pitching: RHP Brian Trejo
|
|
|
Batting: LHB Jose Mojica
|
0-0: Called Strike 0-1: Called Strike 0-2: Strikes out swinging
|
|
Batting: RHB Gojko Golob
|
0-0: Ball 1-0: Fielders Choice at 2nd, 6-4 (Groundball, 6, EV 76.9 MPH)
|
| Top of the 6th over - 0 runs, 0 hits, 0 errors, 1 left on base; Midland 3 - Corpus Christi 0 |
| BOTTOM OF THE 6TH |
|
Corpus Christi Hooks batting - Pitching for Midland RockHounds : LHP Adam Wood
|
|
Batting: LHB Jackson Trottier
|
0-0: Ground out 4-3 (Groundball, 34, EV 82.5 MPH)
|
|
Batting: RHB Oren Jones
|
0-0: Called Strike 0-1: Called Strike 0-2: Strikes out swinging
|
|
Batting: RHB Xavier Castaneda
|
0-0: Called Strike 0-1: Foul Ball, location: 2F 0-2: Fly out, F3 (Popup, 3SF, EV 65.0 MPH)
|
| Bottom of the 6th over - 0 runs, 0 hits, 0 errors, 0 left on base; Midland 3 - Corpus Christi 0 |
| TOP OF THE 7TH |
|
Midland RockHounds batting - Pitching for Corpus Christi Hooks : RHP Brian Trejo
|
|
Batting: RHB Larry Clark
|
0-0: Ball 1-0: Ball 2-0: Fly out, F8 (Flyball, 8LM, EV 85.0 MPH)
|
|
Batting: RHB Chris Bohm
|
0-0: Swinging Strike 0-1: Ground out 5-3 (Groundball, 56, EV 109.4 MPH)
|
|
Batting: RHB Chris Prinzing
|
0-0: Ball 1-0: Ball 2-0: Called Strike 2-1: Swinging Strike 2-2: Strikes out swinging
|
| Top of the 7th over - 0 runs, 0 hits, 0 errors, 0 left on base; Midland 3 - Corpus Christi 0 |
| BOTTOM OF THE 7TH |
|
Corpus Christi Hooks batting - Pitching for Midland RockHounds : LHP Adam Wood
|
|
Batting: LHB Glenn Lowther
|
0-0: Ground out 4-3 (Groundball, 4D, EV 110.6 MPH)
|
|
Batting: RHB Duncan Collins
|
0-0: Called Strike 0-1: Foul Ball, location: 2F 0-2: Strikes out looking
|
|
Batting: LHB Bob Govella
|
0-0: Called Strike 0-1: Foul Ball, location: 2F 0-2: Ball 1-2: Fly out, F7 (Line Drive, 7, EV 105.0 MPH)
|
| Bottom of the 7th over - 0 runs, 0 hits, 0 errors, 0 left on base; Midland 3 - Corpus Christi 0 |
| TOP OF THE 8TH |
|
Midland RockHounds batting - Pitching for Corpus Christi Hooks : RHP Brian Trejo
|
|
Batting: RHB Sean Gould
|
0-0: Called Strike 0-1: Foul Ball, location: 2F 0-2: Ball 1-2: Strikes out swinging
|
|
Batting: RHB Matt Sherard
|
0-0: Ball 1-0: Fly out, F8 (Flyball, 8RM, EV 77.5 MPH)
|
|
Batting: LHB Tom Raupp
|
0-0: Called Strike 0-1: Called Strike 0-2: Ball 1-2: Strikes out looking
|
| Top of the 8th over - 0 runs, 0 hits, 0 errors, 0 left on base; Midland 3 - Corpus Christi 0 |
| BOTTOM OF THE 8TH |
|
Corpus Christi Hooks batting - Pitching for Midland RockHounds : LHP Adam Wood
|
|
Batting: RHB Pat McCoy
|
0-0: Called Strike 0-1: Called Strike 0-2: Ball 1-2: SINGLE (Groundball, 56D, EV 100.0 MPH)
|
|
Batting: LHB Bob Dietz
|
0-0: Ball 1-0: Ball 2-0: Fielders Choice at 2nd, 6-4 (Groundball, 6, EV 88.1 MPH)
|
|
Batting: RHB Alex Campos
|
0-0: Ball 1-0: Called Strike 1-1: Ball 2-1: Called Strike 2-2: Ball 3-2: Foul Ball, location: 2F 3-2: Foul Ball, location: 2F 3-2: Strikes out swinging
|
|
Batting: LHB Jackson Trottier
|
0-0: Ball 1-0: Called Strike 1-1: Fielders Choice at 2nd, 6-4 (Groundball, 6, EV 99.4 MPH)
|
| Bottom of the 8th over - 0 runs, 1 hit, 0 errors, 1 left on base; Midland 3 - Corpus Christi 0 |
| TOP OF THE 9TH |
|
Midland RockHounds batting - Pitching for Corpus Christi Hooks : RHP Brian Trejo
|
|
Pitching: RHP Zack Evans
|
|
|
Batting: RHB Micah Roth
|
0-0: Swinging Strike 0-1: Fly out, F9 (Flyball, 9D, EV 85.6 MPH)
|
|
Batting: LHB Jose Mojica
|
0-0: Foul Ball, location: 2F 0-1: Ball 1-1: Fly out, F9 (Flyball, 9S, EV 94.4 MPH)
|
|
Batting: RHB Gojko Golob
|
0-0: Ball 1-0: Swinging Strike 1-1: Ground out 6-3 (Groundball, 56, EV 98.8 MPH)
|
| Top of the 9th over - 0 runs, 0 hits, 0 errors, 0 left on base; Midland 3 - Corpus Christi 0 |
| BOTTOM OF THE 9TH |
|
Corpus Christi Hooks batting - Pitching for Midland RockHounds : LHP Adam Wood
|
|
Pitching: RHP John Shutt
|
|
|
Batting: RHB Oren Jones
|
0-0: Foul Ball, location: 2F 0-1: Ball 1-1: Fly out, F8 (Flyball, 8LXD, EV 103.8 MPH)
|
|
Batting: RHB Xavier Castaneda
|
0-0: Ground out U3 (Groundball, 34, EV 84.4 MPH)
|
|
Batting: LHB Glenn Lowther
|
0-0: Ball 1-0: Called Strike 1-1: Ground out U3 (Groundball, 3, EV 86.2 MPH)
|
| Bottom of the 9th over - 0 runs, 0 hits, 0 errors, 0 left on base; Midland 3 - Corpus Christi 0 |
|